 Dungeon Crawl Stone Soup version 0.17-a0-2098-gf59d6bc (webtiles) character file.

478 Gruud the Insei (level 6, -4/43 HPs)
             Began as a Demonspawn Transmuter on Oct 17, 2015.
             Slain by a centaur (6 damage)
             ... on level 5 of the Dungeon.
             The game lasted 00:12:28 (4099 turns).

Gruud the Insei (Demonspawn Transmuter)             Turns: 4099, Time: 00:12:28

Health: -4/43      AC:  4    Str: 10    XL:     6   Next: 85%
Magic:  7/9        EV: 12    Int: 15    God:
Gold:   200        SH:  0    Dex: 19    Spells: 3 memorised, 3 levels left

rFire  . . .     SeeInvis .       - Unarmed
rCold  + . .     Clarity  .     b - +0 robe
rNeg   . . .     SustAt   .     (no shield)
rPois  +         Gourm    .     (no helmet)
rElec  .         Spirit   .     v - +0 cloak
rCorr  .         Warding  .     q - +0 pair of gloves
rMut   .         Stasis   .     (no boots)
MR     +....                    (no amulet)
Stlth  +++.......               x - ring of protection from magic
                                o - ring of poison resistance

@: somewhat resistant to hostile enchantments, fairly stealthy
A: thin skeletal structure 2, cold resistance 1, foul stench 1, rot immunity
a: no special abilities


You were on level 5 of the Dungeon.
You were not hungry.

You visited 1 branch of the dungeon, and saw 5 of its levels.

You collected 200 gold pieces.

Inventory:

Hand Weapons
 f - a +0 hunting sling
Missiles
 a - 105 arrows
 t - 141 stones (quivered)
Armour
 b - a +0 robe (worn)
 q - a +0 pair of gloves (worn)
 v - a +0 cloak (worn)
Jewellery
 o - a ring of poison resistance (left hand)
 r - an uncursed ring of invisibility
 x - a ring of protection from magic (right hand)
Scrolls
 e - 4 scrolls of teleportation
 h - a scroll of enchant weapon {unknown}
 j - a scroll of magic mapping {unknown}
 k - a scroll of enchant armour {unknown}
 m - a scroll of amnesia {unknown}
 p - a scroll of fog
 s - 2 scrolls of remove curse {unknown}
 y - a scroll of recharging {unknown}
Potions
 g - a potion of resistance
 i - a potion of heal wounds {unknown}
 l - a potion of haste
 n - 4 potions of lignification
 u - 2 potions of flight
 z - a potion of magic {unknown}
Books
 c - a book of Changes

   Spells                             Type                      Level
   a - Beastly Appendage              Transmutation                1
   b - Sticks to Snakes               Transmutation                2
   c - Spider Form                    Transmutation/Poison         3
   d - Ice Form                       Ice/Transmutation            4
   e - Blade Hands                    Transmutation                5
Comestibles
 d - 5 bread rations
 w - 3 chunks of flesh
 A - a meat ration
 B - a royal jelly


   Skills:
 - Level 1.0 Fighting
 - Level 1.7 Dodging
 * Level 5.5 Unarmed Combat
 - Level 2.0 Spellcasting
 * Level 4.8 Transmutations


You had 3 spell levels left.
You knew the following spells:

 Your Spells              Type           Power        Failure   Level  Hunger
a - Beastly Appendage     Trmt           ###...       3%          1    #......
b - Sticks to Snakes      Trmt           ###.......   6%          2    ###....
c - Spider Form           Trmt/Pois      #.........   30%         3    ###....


Dungeon Overview and Level Annotations

Branches:
Dungeon (5/15)
 Temple: D:4-7

Altars:
Cheibriados
Elyvilon
Fedhas
Kikubaaqudgha
Okawaru
The Shining One

Shops:
D:4 *


Innate Abilities, Weirdness & Mutations

You have a moderately thin skeletal structure (Dex +4, Stealth+).
Your flesh is cold resistant.
You may emit foul miasma when damaged in melee.
You are immune to rotting.


Message History

Confirm with . or Enter, or press ? or * to list all spells.
You create a snake!
The centaur hits you but does no damage.
The centaur completely misses you.
Unknown command.
You swap places.
The centaur wields an uncursed shortbow.
The centaur shoots an arrow.
The arrow hits your ball python!
Your ball python dies!
You see here an arrow.
Unknown command.
Unknown command.
The centaur unwields an uncursed shortbow.
The centaur hits you!
* * * LOW HITPOINT WARNING * * *
You see here an arrow.
You hit the centaur but do no damage. You punch the centaur.
The centaur is severely wounded.
The centaur hits you.
You die...

### #.. #.# ... #Z#
#c# #@# #(# #(#
#5##### #
#.....####
##.##.##.........
........(........
##..#.##.....####.#
# ##....# #.#


You could see a centaur, a crimson imp and a worker ant zombie.

Vanquished Creatures
  A centaur (D:3)
  A scorpion (D:4)
  2 hounds (D:4)
  An orc wizard (D:3)
  A worker ant (D:4)
  A hound zombie (D:5)
  A gnoll (D:1)
  2 adders (D:2)
  An ooze (D:1)
  An adder skeleton (D:4)
  2 worms
  3 orcs
  4 bats
  5 giant cockroaches
  4 hobgoblins
  12 jackals
  3 quokkas
  2 ball pythons
  A giant cockroach zombie (D:5)
  3 giant geckos
  A giant gecko skeleton (D:4)
  4 giant newts
  7 goblins
  6 kobolds
  4 rats
73 creatures vanquished.

Vanquished Creatures (collateral kills)
  A big kobold (D:4)
  2 scorpions (D:4)
  Natasha (D:2)
  2 adders
  A worm (D:2)
  3 orcs
  A jackal (D:4)
  A ball python (D:4)
12 creatures vanquished.

Grand Total: 85 creatures vanquished

Notes
Turn   | Place    | Note
--------------------------------------------------------------
     0 | D:1      | Gruud the Demonspawn Transmuter began the quest for the Orb.
     0 | D:1      | Reached XP level 1. HP: 15/15 MP: 3/3
   169 | D:1      | Gained mutation: You have a somewhat thin skeletal structure (Dex +2, Stealth). [demonic ancestry]
   169 | D:1      | Reached XP level 2. HP: 14/21 MP: 5/5
   191 | D:1      | Reached skill level 3 in Unarmed Combat
   203 | D:1      | Learned a level 2 spell: Sticks to Snakes
  1099 | D:2      | Gained mutation: You are immune to rotting. [demonic ancestry]
  1099 | D:2      | Reached XP level 3. HP: 26/26 MP: 0/6
  1262 | D:2      | Found a glowing golden altar of the Shining One.
  1367 | D:2      | Learned a level 3 spell: Spider Form
  1412 | D:2      | Found a snail-covered altar of Cheibriados.
  1423 | D:2      | Found a white marble altar of Elyvilon.
  1741 | D:2      | Noticed Natasha
  2111 | D:2      | Killed Natasha
  2111 | D:2      | Gained mutation: You have a moderately thin skeletal structure (Dex +4, Stealth+). [demonic ancestry]
  2111 | D:2      | Reached XP level 4. HP: 32/32 MP: 7/7
  2312 | D:2      | Found an iron altar of Okawaru.
  2529 | D:3      | Found a blossoming altar of Fedhas.
  2688 | D:3      | Noticed a centaur
  2879 | D:3      | Killed a centaur
  2879 | D:3      | Reached skill level 4 in Unarmed Combat
  2879 | D:3      | Gained mutation: Your flesh is cold resistant. [demonic ancestry]
  2879 | D:3      | Reached XP level 5. HP: 26/37 MP: 5/8
  3085 | D:3      | Found an ancient bone altar of Kikubaaqudgha.
  3486 | D:4      | Gained mutation: You may emit foul miasma when damaged in melee. [demonic ancestry]
  3486 | D:4      | Reached XP level 6. HP: 22/43 MP: 6/9
  3505 | D:4      | Found Lyrackom's General Store.
  3546 | D:4      | Reached skill level 5 in Unarmed Combat
  3997 | D:5      | Entered Level 5 of the Dungeon
  4098 | D:5      | HP: 1/43 [centaur (8)]
  4099 | D:5      | Slain by a centaur

Vault maps used:
D:1:      dpeg_arrival_refuge, minmay_fountain_box
D:2:      nicolae_overflow_quartered_altars, first_bread, uniq_natasha
D:3:      grunt_temple_overflow_growth_and_decay, kennysheep_generic_room_13
D:4:      serial_shops, shop_statue, serial_glass, glass_columns_b,
          glass_columns_c
D:5:      minmay_temple_entry_grid, serial_shops, shop,
          nemelex_xobeh_ov_fountains_minmay

Action                   |  1- 3 |  4- 6 || total
-------------------------+-------+-------++-------
Melee: Unarmed           |   145 |   191 ||   336
 Cast: Beastly Appendage |     9 |     5 ||    14
       Sticks to Snakes  |     4 |    12 ||    16
  Use: Scroll            |     3 |     5 ||     8
 Stab: Sleeping          |     2 |     8 ||    10
  Eat: Chunk             |     4 |     8 ||    12
